 Dungeon Crawl Stone Soup version 0.31-a0-507-gbafd7f5274 (webtiles) character file.

Game seed: 7760026922532523995

167 horus123 the Magician (level 5, -3/38 HPs)
             Began as a Draconian Earth Elementalist on Aug 9, 2023.
             Killed by divine providence
             ... invoked by an orc priest
              (14 damage)
             ... on level 3 of the Dungeon.
             The game lasted 00:05:00 (3344 turns).

horus123 the Magician (DrEE)                        Turns: 3344, Time: 00:05:01

Health: -3/38      AC:  7    Str: 10    XL:     5   Next: 23%
Magic:  8/12       EV: 12    Int: 17    God:
Gold:   129        SH:  0    Dex: 12    Spells: 10/14 levels left

rFire   . . .        w - +0 scimitar
rCold   . . .        (no shield)
rNeg    . . .        (body armour unavailable)
rPois   .            (helmet restricted)
rElec   .            (no cloak)
rCorr   +            (no gloves)
SInv    .            g - +1 pair of boots
Will    +....        (no amulet)
Stlth   ++           o - ring of resist corrosion
HPRegen 0.26/turn    r - ring of willpower
MPRegen 0.13/turn

%: no passive effects
@: no status effects
A: AC +5, unfitting armour, cold-blooded
a: no special abilities


You were on level 3 of the Dungeon.
You visited 1 branch of the dungeon, and saw 4 of its levels.

You collected 129 gold pieces.

Inventory:

Hand Weapons
 e - a +0 spear
 w - a +0 scimitar (weapon)
Missiles
 h - 2 poisoned darts
Armour
 g - a +1 pair of boots (worn)
Jewellery
 i - a ring of poison resistance
 o - a ring of resist corrosion (left hand)
 r - a ring of willpower (right hand)
Scrolls
 c - 3 scrolls of identify {unknown}
 f - a scroll of amnesia {unknown}
 k - a scroll of butterflies {unknown}
 m - 2 scrolls of blinking {unknown}
 n - a scroll of fog {unknown}
 p - 4 scrolls of teleportation {unknown}
 q - a scroll of vulnerability {unknown}
 s - a scroll of immolation {unknown}
 u - a scroll of noise {unknown}
 x - a scroll of silence {unknown}
Potions
 a - a potion of magic
 b - a potion of mutation {unknown}
 d - 2 potions of attraction {unknown}
 j - a potion of haste {unknown}
 l - 3 potions of curing {unknown}
 t - a potion of invisibility {unknown}
 v - a potion of cancellation {unknown}


   Skills:
 - Level 1.7 Dodging
 - Level 1.7 Stealth
 - Level 5.0 Spellcasting
 - Level 1.0 Transmutations
 + Level 3.2 Earth Magic


You had 10 spell levels left.
You knew the following spells:

 Your Spells              Type           Power      Damage    Failure   Level
a - Sandblast             Erth           30%        2d9       3%          1
b - Stone Arrow           Conj/Erth      18%        3d8       22%         3

Your spell library contained the following spells:

 Spells                   Type           Power      Damage    Failure   Level
 Passwall                 Tmut/Erth      9%         N/A       9%          2
 Cigotuvi's Dreadful Rot  Necr/Pois/Air  8%         N/A       22%         2
 Petrify                  Tmut/Erth      11%        N/A       52%         4
 Dispel Undead            Necr           4%         3d7       80%         4
 Death Channel            Necr           2%         N/A       100%        6


Dungeon Overview and Level Annotations

Branches:
Dungeon (4/15)
 Temple: D:4-7

Altars:
Gozag
Zin

Annotations:
D:4 Sigmund


Innate Abilities, Weirdness & Mutations

Your plain brown scales are hard. (AC +5)
You cannot fit into any form of body armour.
You are cold-blooded and may be slowed by cold attacks.


Message History

The orc attacks as you move away! The orc hits you with a +0 hand axe.
There is a stone staircase leading up here.
The orc misses you. Something hits you!
You climb upwards.
Reactivating autopickup.
There is a stone staircase leading down here.
The blast of sand hits the orc!
You kill the orc!
Magic restored.
HP restored.
Done exploring.
There is an open door here.
There is a stone staircase leading down here.
You climb downwards.
Level annotation: Sigmund
There is a stone staircase leading up, spattered with blood here.
The blast of sand hits the orc!
You kill the orc!
The blast of sand hits the orc!
You kill the orc!
The orc priest invokes the aid of Beogh against you.
Beogh smites you!
The blast of sand hits Sigmund.
Sigmund is lightly wounded.
The blast of sand hits the orc priest but does no damage.
There is a stone staircase leading up, spattered with blood here.
The orc priest calls down the wrath of Beogh upon you.
Beogh smites you!
* * * LOW HITPOINT WARNING * * *
Sigmund closely misses you.
You climb upwards.
There is a stone staircase leading down here.
You are too injured to fight recklessly!
Aiming: Sandblast (safe; 3% risk of failure)
Press: ? - help, Q - select action, (/) - cycle Shift-Dir - straight line, f - orc priest
Aim: an orc priest, wielding a +2 dagger of venom and wearing a +0 chain mail (87% to hit)
The blast of sand misses the orc priest.
The orc priest calls down the wrath of Beogh upon you.
Beogh smites you!
You die...

#........... ####.######.
#.# #. #.# #. ########
#.# ## #......# #.#
#......# #.#
#......####.###
#.@...........#####
#..o............<..
#######..................
#......<.....####......##
#.##.........# ###....##
#.##.........# #......
#.##.........# #.#####
#.##.........#### #.#
###.##............# #.##


You could see an orc priest.

Vanquished Creatures
  Jessica (D:3)
  3 gnolls
  3 adders (D:2)
  An ufetubus (D:3)
  A dart slug (D:1)
  5 orcs
  5 bats
  5 endoplasms
  2 giant cockroaches
  11 hobgoblins
  10 jackals
  5 kobolds
  5 quokkas
  4 ball pythons
  3 goblins
  2 rats (D:1)
66 creatures vanquished.

Notes
Turn   | Place    | Note
-------+----------+-------------------------------------------
     0 | D:1      | horus123 the Draconian Earth Elementalist began the quest
                  | for the Orb.
     0 | D:1      | Reached XP level 1. HP: 14/14 MP: 3/3
   258 | D:1      | Reached XP level 2. HP: 20/20 MP: 3/5
   604 | D:1      | Reached skill level 3 in Spellcasting
   642 | D:1      | Reached XP level 3. HP: 25/26 MP: 2/7
  1272 | D:2      | Reached skill level 4 in Spellcasting
  1330 | D:2      | Reached XP level 4. HP: 33/33 MP: 7/10
  2046 | D:3      | Noticed Jessica
  2048 | D:3      | Killed Jessica
  2124 | D:3      | Found an opulent altar of Gozag.
  2124 | D:3      | Found a glowing silver altar of Zin.
  2424 | D:3      | Learned a level 3 spell: Stone Arrow
  2912 | D:3      | Reached XP level 5. HP: 26/38 MP: 8/12
  3105 | D:4      | Reached skill level 5 in Spellcasting
  3243 | D:4      | Noticed Sigmund
  3344 | D:3      | Killed from afar by an orc priest

Illustrated notes

Levels and vault maps discovered:
D:1:      co_arrival_random_square_maze, layout_basic
D:2:      layout_loops_corners, serial_bayou_crossing
D:3:      layout_basic, grunt_temple_overflow_gold_and_silver, uniq_jessica
D:4:      black_bear_nest_1, layout_gridville, mainiacjoe_overflow_brackets,
          xom_teletrap_fun, grunt_ministairs_10, uniq_sigmund

Skill      XL: |  1  2  3  4  5 |
---------------+----------------+-----
Spellcasting   | 3 4 5 |  5.0
Dodging        | |  1.7
Stealth        | |  1.7
Transmutations | |  1.0
Earth Magic    | |  3.2

Action                     |  1- 3 |  4- 6 || total
---------------------------+-------+-------++-------
  Melee: Dagger            |    13 |       ||    13
         Spear             |    24 |     1 ||    25
         Tailslap          |     5 |       ||     5
         Punch             |     1 |       ||     1
   Cast: Sandblast         |    44 |    44 ||    88
 Armour: Skin              |    20 |     6 ||    26
  Dodge: Dodged            |    34 |    25 ||    59

Table legend: (Time is in decaauts)
 A = Elapsed time spent in this place.
 B = Non-inter-level travel time spent in this place.
 C = Inter-level travel time spent in this place.
 D = Time resting spent in this place.
 E = Time spent auto-exploring this place.
 F = Levels seen in this place.
 G = Mean time per level.
                   A        B        C        D        E       F      G
               +--------+--------+--------+--------+--------+-----+--------+
         Total |   3393 |   3307 |     86 |    329 |   2389 |   4 |  848.2 |
       Dungeon |   3393 |   3307 |     86 |    329 |   2389 |   4 |  848.2 |
               +--------+--------+--------+--------+--------+-----+--------+

Top non-repeatable levels by time:
     D:3: 1091 daAuts
     D:2: 978 daAuts
     D:1: 861 daAuts
     D:4: 461 daAuts
